 Dungeon Crawl Stone Soup version 0.24.0-123-gd5b16e6ec5 (webtiles) character file.

Game seed: 605181095341941534, levelgen mode: deterministic

144 Destapler the Conjurer (level 5, 0/29 HPs)
             Began as a Tengu Conjurer on Dec 21, 2019.
             Slain by a scorpion (5 damage)
             ... on level 3 of the Dungeon.
             The game lasted 00:19:32 (3022 turns).

Destapler the Conjurer (Tengu Conjurer)             Turns: 3022, Time: 00:19:32

Health: 0/29       AC:  3    Str: 14    XL:     5   Next: 26%
Magic:  2/10       EV: 12    Int: 16    God:
Gold:   144        SH:  0    Dex: 14    Spells: 7/10 levels left

rFire    . . .     SeeInvis .   a - +1 short sword (holy)
rCold    . . .     Gourm    .   (no shield)
rNeg     . . .     Faith    .   g - +1 robe
rPois    .         Spirit   .   (helmet restricted)
rElec    .         Reflect  .   (no cloak)
rCorr    .         Harm     .   (no gloves)
MR       .....                  (boots unavailable)
Stlth    +.........             (no amulet)
HPRegen  0.09/turn              i - ring of attention (curse)
MPRegen  0.12/turn              (no ring)

@: mighty, lethally poisoned (0 -> -20)
A: beak, talons 3, able to fly
a: Fly


You were on level 3 of the Dungeon.
You were not hungry.

You visited 1 branch of the dungeon, and saw 4 of its levels.

You collected 144 gold pieces.

Inventory:

Hand Weapons
 a - a +1 short sword of holy wrath (weapon)
 b - a +2 hunting sling of velocity
Missiles
 d - 64 stones (quivered)
 p - 2 boomerangs
 q - 23 sling bullets
Armour
 g - a +1 robe (worn)
Jewellery
 i - a cursed ring of attention (left hand)
Scrolls
 h - 2 scrolls of identify
 n - a scroll of enchant weapon {unknown}
 o - a scroll of fear
 r - a scroll of remove curse {unknown}
 s - a scroll of amnesia
 t - a scroll of blinking {unknown}
Potions
 e - a potion of might
 f - 2 potions of curing
 j - a potion of mutation
 k - a potion of heal wounds
 m - a potion of resistance {unknown}
 u - a potion of flight {unknown}
Comestibles
 c - 8 rations
 l - 4 chunks of flesh


   Skills:
 + Level 1.0 Fighting
 * Level 2.0 Short Blades
 - Level 2.1 Dodging
 + Level 2.4 Stealth
 + Level 3.2 Spellcasting
 + Level 6.5 Conjurations


You had 7 spell levels left.
You knew the following spells:

 Your Spells              Type           Power        Failure   Level  Hunger
a - Magic Dart            Conj           ###.         1%          1    None
b - Searing Ray           Conj           ###...       1%          2    ##.....

Your spell library contained the following spells:

 Spells                   Type           Power        Failure   Level  Hunger
 Iskenderun's Mystic Bla  Conj           ###.....     13%         4    ####...
 Dazzling Spray           Conj/Hex       ##....       14%         3    ###....
 Corona                   Hex            #......      19%         1    None
 Ensorcelled Hibernation  Hex/Ice        #.....       28%         2    ##.....
 Force Lance              Conj/Tloc      ##......     43%         4    ####...
 Fulminant Prism          Conj/Hex       ##........   43%         4    ####...
 Confuse                  Hex            #.......     50%         3    ###....
 Tukima's Dance           Hex            #.......     50%         3    ###....


Dungeon Overview and Level Annotations

Branches:
Dungeon (4/15)
 Temple: D:4-7

Altars:
Ashenzari
Gozag
Trog


Innate Abilities, Weirdness & Mutations

You have a beak for a mouth.
You have claws for feet.
You can fly continuously.


Message History

You are lethally poisoned!
The scorpion poisons you!
You feel very mighty all of a sudden.
You feel sick. The scorpion barely misses you.
You closely miss the scorpion.
The scorpion is lightly wounded.
You feel sick. The scorpion barely misses you.
You barely miss the scorpion. You peck the scorpion.
The scorpion is moderately wounded.
You feel sick. The scorpion stings you.
You closely miss the scorpion.
You peck the scorpion, but do no damage.
The scorpion is moderately wounded.
You feel sick. The scorpion stings you.
* * * LOW HITPOINT WARNING * * *
You puncture the scorpion! Your kick misses the scorpion.
The scorpion is almost dead.
* * * LOW HITPOINT WARNING * * *
You feel sick. The scorpion stings you.
You die...

##### #...# #.#.#
#.#.# #.#.#
#<#.###########
#.#@s.........######
#.#.#########.......
#.#..# #<#.#####
#.#..# #.#...#
#....#######.....###
###.................
###########.#..###
#....## ####.<#


You could see a scorpion.

Vanquished Creatures
  4 adders
  2 oozes
  5 worms (D:3)
  A dart slug (D:1)
  3 leopard geckos
  7 orcs
  2 giant cockroaches
  5 goblins
  12 hobgoblins
  2 jackals (D:2)
  A ball python (D:1)
  9 bats
  2 frilled lizards
  7 kobolds
  11 rats
73 creatures vanquished.

Notes
Turn   | Place    | Note
-------+----------+-------------------------------------------
     0 | D:1      | Destapler the Tengu Conjurer began the quest for the Orb.
     0 | D:1      | Reached XP level 1. HP: 10/10 MP: 4/4
    88 | D:1      | Reached XP level 2. HP: 15/15 MP: 3/6
   717 | D:1      | Reached XP level 3. HP: 19/19 MP: 7/7
   724 | D:1      | Learned a level 2 spell: Searing Ray
   727 | D:1      | Reached skill level 6 in Conjurations
  1348 | D:2      | Reached XP level 4. HP: 9/24 MP: 2/9
  1616 | D:2      | Found an opulent altar of Gozag.
  1616 | D:2      | Found a shattered altar of Ashenzari.
  1892 | D:3      | Reached skill level 1 in Short Blades
  2502 | D:3      | Gained mutation: You can fly continuously. [Tengu growth]
  2502 | D:3      | Reached XP level 5. HP: 25/28 MP: 1/10
  2621 | D:3      | Reached skill level 1 in Fighting
  2853 | D:3      | Noticed a moth of wrath
  2856 | D:3      | Found a bloodstained altar of Trog.
  3022 | D:3      | Slain by a scorpion

Levels and vault maps discovered:
D:1:      dpeg_arrival_line_fractal, layout_basic
D:2:      layout_basic, gammafunk_temple_overflow_elements, first_ration
D:3:      kennysheep_six_static_rooms, layout_basic, tgw_trog
D:4:      layout_basic, marbit_many_paths, minmay_temple_entry_slanted,
          serial_shops, shop

Skill      XL: |  1  2  3  4  5 |
---------------+----------------+-----
Conjurations   | 6 |  6.5
Spellcasting   | 3 |  3.2
Short Blades   | 1 2 |  2.0
Fighting       | 1 |  1.0
Dodging        | |  2.1
Stealth        | |  2.4

Action                   |  1- 3 |  4- 6 || total
-------------------------+-------+-------++-------
Melee: Short sword       |     7 |    22 ||    29
       Kick              |     3 |     7 ||    10
       Peck              |       |     4 ||     4
       Unarmed           |       |     1 ||     1
 Fire: Hunting sling     |       |    25 ||    25
 Cast: Magic Dart        |    67 |    57 ||   124
       Searing Ray       |     2 |     4 ||     6
  Use: Scroll            |     5 |     4 ||     9
       Potion            |       |     2 ||     2
 Stab: Sleeping          |     2 |       ||     2
  Eat: Chunk             |     2 |     2 ||     4
       Ration            |       |     1 ||     1
Armor: Robe              |     2 |    10 ||    12
Dodge: Dodged            |     9 |    27 ||    36
